 Dungeon Crawl Stone Soup version 0.25-a0-306-g3faca94 (webtiles) character file.

Game seed: 18063377497280933717, levelgen mode: deterministic

21 Birdy the Skirmisher (level 2, -1/32 HPs)
             Began as an Ogre Monk on Dec 21, 2019.
             Slain by a jackal (2 damage)
             ... on level 2 of the Dungeon.
             The game lasted 00:01:22 (731 turns).

Birdy the Skirmisher (Ogre Monk)                     Turns: 731, Time: 00:01:23

Health: -1/32      AC:  3    Str: 14    XL:     2   Next: 83%
Magic:  2/2        EV: 10    Int: 11    God:
Gold:   47         SH:  0    Dex: 11    Spells: 1/1 levels left

rFire    . . .     SeeInvis .   a - +0 spear
rCold    . . .     Gourm    .   (no shield)
rNeg     . . .     Faith    .   b - +0 robe
rPois    .         Spirit   .   (helmet restricted)
rElec    .         Reflect  .   (no cloak)
rCorr    .         Harm     .   (gloves unavailable)
MR       .....                  (boots unavailable)
Stlth    ++........             (no amulet)
HPRegen  0.10/turn              (no ring)
MPRegen  0.08/turn              (no ring)

@: lethally poisoned (-1 -> -2)
A: large, unfitting armour, tough skin 1
a: no special abilities


You were on level 2 of the Dungeon.
You were not hungry.

You visited 1 branch of the dungeon, and saw 3 of its levels.

You collected 47 gold pieces.

Inventory:

Hand Weapons
 a - a +0 spear (weapon)
Armour
 b - a +0 robe (worn)
Scrolls
 d - a scroll of teleportation {unknown}
 e - a scroll of identify {unknown}
 f - a scroll of remove curse {unknown}
Comestibles
 c - 5 rations


   Skills:
 - Level 4.0 Fighting
 - Level 3.0 Polearms
 - Level 2.6 Dodging
 + Level 2.5 Stealth


You had one spell level left.
You didn't know any spells.
Your spell library was empty.

Dungeon Overview and Level Annotations

Branches:
Dungeon (3/15)

Altars:
Xom


Innate Abilities, Weirdness & Mutations

You are too large for most types of armour.
You have tough skin. (AC +1)


Message History

* * * LOW HITPOINT WARNING * * *
The adder bites you.
* * * LOW HITPOINT WARNING * * *
The jackal barely misses you.
There is a stone staircase leading up here.
You aren't carrying any potions.
Unknown command.
You aren't carrying any potions.
Unknown command.
The jackal closely misses you. The adder bites you.
* * * LOW HITPOINT WARNING * * *
You climb upwards.
There is a stone staircase leading down here.
* * * LOW HITPOINT WARNING * * *
You feel sick. The jackal bites you.
* * * LOW HITPOINT WARNING * * *
The adder barely misses you. The jackal barely misses you.
The jackal bites you.
You die...

#.#.#####.#.#
#.#(........#
#.#†#######.#.#
#.#...........#
#.#########.### #.# #.#
##### #.# #.#
...###.#########.#
...####.#@............#
.......>h.#...........#
......#.#.#.#####..(#.#
..### #.#.#.# #.#.#.#
#.#+#.## #.#.#.#
#......# #.#.#.#
#......# #.#.#.#
#####......# #<#.#.#
+..........######.#


You could see a jackal.

Vanquished Creatures
  A dart slug (D:2)
  2 leopard geckos (D:1)
  A giant cockroach (D:1)
  A goblin (D:1)
  2 hobgoblins (D:1)
  3 jackals (D:1)
  3 bats (D:1)
  A kobold (D:1)
  2 rats
16 creatures vanquished.

Notes
Turn   | Place    | Note
-------+----------+-------------------------------------------
     0 | D:1      | Birdy the Ogre Monk began the quest for the Orb.
     0 | D:1      | Reached XP level 1. HP: 24/24 MP: 1/1
   101 | D:1      | Reached XP level 2. HP: 25/32 MP: 2/2
   690 | D:3      | Found a shimmering altar of Xom.
   729 | D:2      | HP: 1/32 [jackal (1)]
   731 | D:2      | Slain by a jackal

Levels and vault maps discovered:
D:1:      denvon_arrival_planthouse, layout_loops_corners,
          minmay_misc_feat_diagonals, kennysheep_minor_cross
D:2:      layout_basic, lemuel_round_altar, uniq_terence, uniq_sigmund
D:3:      layout_rooms, nicolae_overflow_crystal_walls, elyvilon_altar_5,
          kennysheep_generic_room_13

Skill      XL: |  1 |
---------------+----+-----
Stealth        | 2 |  2.5
Fighting       | |  4.0
Polearms       | |  3.0
Dodging        | |  2.6

Action                   || total
-------------------------++-------
Melee: Spear             ||    57
 Stab: Sleeping          ||     4
Armor: Robe              ||    20
Dodge: Dodged            ||    45

Table legend:
 A = Non-vault XP
 B = Vault XP
 C = Vault XP percentage of total XP
 D = Non-vault monster count
 E = Vault monster count
 F = Vault count percentage of total count
                 A         B        C        D         E       F
            +---------+---------+-------+---------+---------+-------
      Total |      30 |       0 |   0.0 |      16 |       0 |   0.0
            +---------+---------+-------+---------+---------+-------
        D:1 |      25 |       0 |   0.0 |      14 |       0 |   0.0
        D:2 |       5 |       0 |   0.0 |       2 |       0 |   0.0
            +---------+---------+-------+---------+---------+-------
